 Dungeon Crawl Stone Soup version 0.19-a0-188-ga21aea4 (webtiles) character file.

5315 namelastname112 the Cleaver (level 10, -9/88 HPs)
             Began as a Red Draconian Gladiator on May 24, 2016.
             Was an Initiate of Ru.
             Mangled by Kidiri's ghost (15 damage)
             ... on level 8 of the Dungeon.
             The game lasted 00:13:05 (9692 turns).

namelastname112 the Cleaver (DrGl)                  Turns: 9692, Time: 00:13:05

Health: -9/88      AC:  8    Str: 18    XL:     10   Next: 37%
Magic:  10/10      EV: 11    Int:  8    God:    Ru [......]
Gold:   423        SH:  0    Dex: 15    Spells: 0 memorised, 9 levels left

rFire  + . .     SeeInvis .     F - +2 battleaxe
rCold  . . .     Gourm    .     (armour unavailable)
rNeg   . . .     Faith    .     (shield currently unavailable)
rPois  +         Spirit   .     b - +0 hat
rElec  .         Dismiss  .     A - +0 cloak
rCorr  .         Reflect  .     (no gloves)
SustAt .         Harm     .     (no boots)
MR     .....                    (no amulet)
Stlth  ..........               (no ring)
                                i - ring of poison resistance

@: not resistant to hostile enchantments, extremely unstealthy
A: breathe fire, unfitting armour, fire resistance 1, cold-blooded, no stealth,
AC +7
a: Breathe Fire, Renounce Religion


You were on level 8 of the Dungeon.
You worshipped Ru.
Ru was noncommittal.
You were not hungry.

You visited 2 branches of the dungeon, and saw 9 of its levels.

You collected 423 gold pieces.

Inventory:

Hand Weapons
 F - a +2 battleaxe (weapon)
Missiles
 c - 2 throwing nets (quivered)
 n - 5 tomahawks of returning
 o - 8 poisoned tomahawks
Armour
 b - a +0 hat (worn)
 A - a +0 cloak (worn)
Jewellery
 i - a ring of poison resistance (left hand)
Wands
 k - a wand of disintegration (16/24)
 t - a wand of iceblast (5/15)
 y - a wand of iceblast (9/15)
 E - a wand of disintegration (15/24)
 G - a wand of lightning (7/15)
 J - a wand of teleportation (4/9)
Scrolls
 e - 6 scrolls of identify
 f - 5 scrolls of remove curse
 p - 2 scrolls of amnesia {unknown}
 s - a scroll of blinking {unknown}
 u - a scroll of magic mapping {unknown}
 w - 2 scrolls of enchant armour {unknown}
 x - 3 scrolls of noise {unknown}
 C - a scroll of enchant weapon {unknown}
 D - a scroll of recharging {unknown}
Potions
 a - a potion of might {unknown}
 g - 3 potions of agility
 j - 5 potions of magic
 l - a potion of cure mutation
 m - 2 potions of heal wounds
 q - a potion of berserk rage
 r - a potion of flight
 z - 2 potions of brilliance
 B - a potion of resistance
 H - 2 potions of invisibility {unknown}
 K - a potion of ambrosia {unknown}
Books
 I - a book of Necromancy

   Spells                             Type                      Level
   a - Pain                           Necromancy                   1
   b - Animate Skeleton               Necromancy                   1
   c - Vampiric Draining              Necromancy                   3
   d - Regeneration                   Charms/Necromancy            3
   e - Animate Dead                   Necromancy                   4
   f - Control Undead                 Necromancy                   4
Comestibles
 d - 8 bread rations
 h - 10 fruits


   Skills:
 + Level 7.8 Fighting
 * Level 10.3 Axes
 + Level 6.3 Throwing
 + Level 7.0 Dodging


You had 9 spell levels left.
You didn't know any spells.

Dungeon Overview and Level Annotations

Branches:
Dungeon (8/15)             Temple (1/1) D:6            Lair (0/8) D:8

Altars:
Ashenzari
Cheibriados
Dithmenos
Elyvilon
Fedhas
Kikubaaqudgha
Makhleb
Nemelex Xobeh
Okawaru
Pakellas
Qazlal
Ru
Sif Muna
Trog
Xom
Yredelemnul
Zin
The Shining One

Shops:
D:8 ((

Annotations:
D:8 Kidiri's ghost, novice HOGl


Innate Abilities, Weirdness & Mutations

You can breathe blasts of fire.
Your fiery red scales are hard (AC +7).
Your body does not fit into most forms of armour.
Your flesh is heat resistant. (rF+)
You are cold-blooded and may be slowed by cold attacks.
You cannot be stealthy.


Message History

The orc wizard gestures wildly while chanting.
The orc wizard blinks!
Kidiri's ghost shouts, "You will join me soon!"
The orc wizard misses you. The orc hits you with a mace.
* * * LOW HITPOINT WARNING * * *
Found a staircase to the Lair.
You take 1 damage, and have 19/88 hp.
The orc wizard mumbles some strange words.
The orc wizard blinks!
The orc wizard is no longer moving quickly.
The orc wizard mumbles some strange words.
The orc wizard blinks!
The orc wizard casts a spell at you. The magic dart hits you!
* * * LOW HITPOINT WARNING * * *
You take 8 damage, and have 11/88 hp.
There is an escape hatch in the ceiling here.
The orc hits you with a mace.
* * * LOW HITPOINT WARNING * * *
Kidiri's ghost hits you!
You die...

#......Y....#
#.>.##
#......###..#
#.....
####...<.#..#
#...##
#...#)...# #...#
#........#####
#...#
#....o........
##.##
...#..YY.......
#.#
#####.#oW.......
.. #.#@.o#.....
#.............
###...#...>...
#......#....
#......#....
#.#.#..# ..
.......#
##.#.#.#


You could see 2 yaks, an orc priest, an orc wizard, Kidiri's ghost and an orc.

Vanquished Creatures
  Pikel (D:6)
  Joseph (D:6)
  A two-headed ogre (D:6)
  Prince Ribbit (D:7)
  2 yaks (D:8)
  A hippogriff (D:7)
  A soldier ant (D:8)
  Menkaure (D:6)
  2 orc warriors
  An ice beast (D:6)
  2 sky beasts (D:6)
  2 wasps (D:8)
  2 centaurs
  2 ogres (D:5)
  5 giant frogs
  9 big kobolds (D:8)
  A wyvern skeleton (D:8)
  2 scorpions
  2 water moccasin skeletons
  3 wights
  A howler monkey (D:6)
  4 crimson imps
  A centaur skeleton (D:8)
  A giant frog zombie (D:5)
  5 hounds
  2 jellies
  8 orc wizards
  An orc priest (D:7)
  2 giant frog skeletons
  4 iguanas
  2 worker ants
  3 gnolls
  11 adders
  A howler monkey skeleton (D:6)
  3 adder skeletons
  5 worms
  A dart slug (D:1)
  5 giant geckos
  27 orcs
  8 giant cockroaches
  4 goblins
  4 hobgoblins
  5 jackals
  7 quokkas
  2 ball pythons
  9 bats
  A giant cockroach zombie (D:5)
  A giant gecko skeleton (D:4)
  A giant gecko zombie (D:6)
  7 giant newts
  22 kobolds
  A quokka zombie (D:5)
  9 rats
210 creatures vanquished.

Vanquished Creatures (others)
  A worm (D:6)
  A quokka (D:6)
  2 plants (D:8)
4 creatures vanquished.

Grand Total: 214 creatures vanquished

Notes
Turn   | Place    | Note
--------------------------------------------------------------
     0 | D:1      | namelastname112 the Draconian Gladiator began the quest for the Orb.
     0 | D:1      | Reached XP level 1. HP: 17/17 MP: 1/1
   158 | D:1      | Reached XP level 2. HP: 22/25 MP: 2/2
   737 | D:2      | Reached XP level 3. HP: 9/30 MP: 3/3
  1122 | D:2      | Found a white marble altar of Elyvilon.
  1245 | D:2      | Found a faded altar to an unknown god.
  1523 | D:2      | Reached XP level 4. HP: 28/37 MP: 4/4
  2146 | D:3      | Found a shattered altar of Ashenzari.
  2273 | D:3      | Reached skill level 4 in Axes
  2488 | D:4      | Reached XP level 5. HP: 14/45 MP: 5/5
  3462 | D:4      | Reached XP level 6. HP: 47/51 MP: 6/6
  3936 | D:5      | Entered Level 5 of the Dungeon
  4109 | D:5      | Reached skill level 5 in Axes
  4351 | D:5      | Your scales start taking on a fiery red colour.
  4351 | D:5      | Reached XP level 7. HP: 25/60 MP: 7/7
  4351 | D:5      | Gained mutation: Your flesh is heat resistant. (rF+) [Red Draconian growth]
  4705 | D:5      | Reached skill level 6 in Axes
  5184 | D:5      | Found a sparkling altar of Nemelex Xobeh.
  5319 | D:6      | Noticed Menkaure
  5322 | D:6      | Killed Menkaure
  5322 | D:6      | Reached skill level 5 in Fighting
  5322 | D:6      | Reached skill level 5 in Dodging
  5322 | D:6      | Reached XP level 8. HP: 68/68 MP: 8/8
  5365 | D:6      | Found a staircase to the Ecumenical Temple.
  5455 | Temple   | Entered the Ecumenical Temple
  5841 | D:6      | Noticed Pikel
  5863 | D:6      | Killed Pikel
  5863 | D:6      | Reached skill level 7 in Axes
  5945 | D:6      | Noticed a two-headed ogre
  5950 | D:6      | Killed a two-headed ogre
  5967 | D:6      | Reached skill level 8 in Axes
  5967 | D:6      | Reached XP level 9. HP: 38/75 MP: 9/9
  5976 | D:6      | Reached skill level 5 in Throwing
  6174 | D:6      | Found an iron altar of Okawaru.
  6301 | D:6      | Found a burning altar of Makhleb.
  6304 | D:6      | Found a sacrificial altar of Ru.
  6307 | D:6      | Found a deep blue altar of Sif Muna.
  6355 | D:7      | Noticed Joseph
  6504 | D:7      | Noticed Prince Ribbit
  6760 | D:6      | Killed Joseph
  7049 | D:7      | Reached skill level 9 in Axes
  7105 | D:7      | Killed Prince Ribbit
  8387 | D:2      | Became a worshipper of Ru the Awakened
  8394 | D:2      | Gained mutation: You cannot be stealthy. [Ru sacrifice]
  8519 | D:8      | Found Gaaraef's Antique Weapon Emporium.
  8668 | D:8      | Reached XP level 10. HP: 20/86 MP: 10/10
  9495 | D:8      | Reached skill level 10 in Axes
  9621 | D:8      | Found Fapna's Antique Weapon Shop.
  9660 | D:8      | Noticed Kidiri's ghost (novice HOGl)
  9686 | D:8      | Found a staircase to the Lair.
  9692 | D:8      | Mangled by Kidiri's ghost

Vault maps used:
D:1:      minmay_arrival_split_and_join
D:2:      elyvilon_altar_4, ecumenical_altar_1, first_bread
D:3:      nicolae_ashenzari_panopticon, grunt_ministairs_1
D:5:      marbit_many_paths
D:6:      grunt_temple_overflow_diamond, lemuel_temple_firewalk_marked,
          basic_altar, uniq_pikel, uniq_menkaure
D:7:      uniq_joseph, uniq_prince_ribbit1
D:8:      kennysheep_little_box, lair_0_dummy, serial_shops,
          nicolae_shop_overgrown_old_shop, nicolae_shop_waterfront, shop,
          special_room, hangedman_pestilent_swarm
Temple:   circular_temple_12

Skill      XL: |  1  2  3  4  5  6  7  8  9 10 |
---------------+-------------------------------+-----
Dodging        | 3 4 5 6 7 |  7.0
Throwing       | 2 3 4 5 6 |  6.3
Fighting       | 3 4 5 6 7 |  7.8
Axes           | 4 5 6 8 9 10 | 10.3

Action                   |  1- 3 |  4- 6 |  7- 9 | 10-12 || total
-------------------------+-------+-------+-------+-------++-------
Melee: War axe           |   132 |   202 |   195 |       ||   529
       Tailslap          |     8 |    22 |    34 |    22 ||    86
       Battleaxe         |       |       |    64 |   132 ||   196
Throw: Throwing net      |       |     1 |       |       ||     1
Invok: Sacrifice Stealth |       |       |     1 |       ||     1
 Abil: Breathe Fire      |       |       |    11 |     2 ||    13
  Use: Scroll            |     3 |     1 |     6 |       ||    10
       Potion            |       |     5 |       |       ||     5
  Eat: Chunk             |     2 |     9 |    11 |     3 ||    25
       Meat ration       |       |       |     1 |       ||     1
       Beef jerky        |       |       |       |     1 ||     1
Armor: Skin              |    66 |    66 |   101 |    34 ||   267
Dodge: Dodged            |   140 |   175 |   238 |   111 ||   664
